Unix NetHack Version 5.0.0-0 post-release - last build May 10 2026 23:12:36 (d1fa5d53e341ca933230fdaa984d921c805b60aa,branch:main).

Game began 2026-05-14 17:07:03, ended 2026-05-14 17:47:45.

BaeHund, neutral male human Tourist

                                                                ---
                                                               -..-       ---
                                                         -- ---....     ---.--
                                                         |.|......      |...<|
                                                         |........      --.|.|
                                                         |.......        |.--|
                                                         |......         |...|
                                                        --......         ---.|
                                                         ......            |.|
                                                         .....             |.|
                                                         -....             |.|
                                                         |...-             |.|
                                                  |      |...|---  -----   |.|
                                              --+--.  ----..---.----.|.--  |.|
                                              |..................--.....|  |.|
                                     |  |   ..-     #  |...............-.---.|
                                     |........P..h.G........G......G...d[h@..|
                                     ----     #    |   -....|.--......-----..|
                                                      .....-------.|..|   ----
                                                     -----.      ------
                                                         --
BaeHund the Sightseer       St:12 Dx:12 Co:16 In:12 Wi:12 Ch:13  Neutral
Dlvl:6  $:1076 HP:0(42) Pw:17(17) AC:6  Xp:4 T:1603 

Latest messages:
 The large dog bites the dwarf.
 The dwarf swings his broad pick at the large dog.
 The dwarf misses the large dog.
 The hobbit throws a dagger!
 The dagger hits the gnome.
 The large dog misses the dwarf.
 The large dog misses it.
 The dwarf picks up 2 daggers.
 You feel strong!
 You must have been exercising diligently.
 You feel agile!
 You must have been working on your reflexes.
 You miss the dwarf.
 The large dog misses the dwarf.
 The dwarf swings his broad pick.
 The dwarf hits!
 The large dog bites the gnome.
 The gnome is killed!
 You miss the dwarf.
 The hobbit picks up a dagger.
 The large dog misses the dwarf.
 The dwarf swings his broad pick.
 The dwarf hits!
 You miss the dwarf.
 The hobbit throws a dagger!
 The dagger hits the large dog.
 The large dog misses the dwarf.
 The large dog drops a pair of hard shoes.
 The large dog misses the dwarf.
 You miss the dwarf.
 The large dog bites the hobbit.
 The hobbit is killed!
 You miss the dwarf.
 Your large dog eats a hobbit corpse.
 The dwarf swings his broad pick.
 The dwarf misses!
 The gnome throws a dart!
 The dart misses the large dog.
 The dart misses the dwarf.
 A dart misses you.
 You miss the dwarf.
 The dwarf swings his broad pick.
 The dwarf hits!
 You miss the dwarf.
 You miss the dwarf.
 The dwarf swings his broad pick.
 The dwarf hits!
 You die...
 Do you want your possessions identified? [ynq] (y) y
 Do you want to see your attributes? [ynq] (y) q

Inventory:
 Coins    ('$')
  $ - 1076 gold pieces
 Weapons  (')')
  a - 28 +2 darts (at the ready)
  t - 7 +1 shuriken
  A - 5 +0 daggers
  B - a +0 aklys
  D - a +0 dwarvish mattock (weapon in hands)
 Armor    ('[')
  C - an uncursed +0 dwarvish iron helm (being worn)
  y - an uncursed +0 pair of iron shoes (being worn)
  z - an uncursed +0 dwarvish cloak (being worn)
  j - an uncursed +0 Hawaiian shirt with an orchid motif (being worn)
 Comestibles  ('%')
  d - 2 uncursed slime molds
  s - an uncursed cram ration
  g - an uncursed cream pie
  b - 4 uncursed food rations
  c - an uncursed lembas wafer
  f - 3 uncursed tripe rations
  e - an uncursed egg
 Scrolls  ('?')
  r - an uncursed scroll of fire
  F - an uncursed scroll of identify
  i - 4 uncursed scrolls of magic mapping
  q - a blessed scroll of scare monster
  o - a blessed scroll of teleportation
 Potions  ('!')
  n - a blessed potion of oil
 Wands    ('/')
  G - a wand of cancellation (0:6)
 Tools    ('(')
  l - an uncursed credit card
  k - an expensive camera (0:34)

BaeHund the Tourist's attributes:

Background:
 You were a Sightseer, a level 4 male human Tourist.
 You were neutral, on a mission for The Lady
 who was opposed by Blind Io (lawful) and Offler (chaotic).
 You were right-handed.
 You were in the Gnomish Mines, on level 6.
 You entered the dungeon 1603 turns ago.
 You had 155 experience points, 5 more were needed to attain level 5.

Basics:
 You had 0 out of 42 hit points.
 You had all 17 energy points (spell power).
 Your armor class was 6.
 Your wallet contained 1076 zorkmids.
 Autopickup was off.

Final Characteristics:
 Your strength was 12 (limit:18/100).
 Your dexterity was 12 (limit:18).
 Your constitution was 16 (limit:18).
 Your intelligence was 12 (limit:18).
 Your wisdom was 12 (limit:18).
 Your charisma was 13 (limit:18).

Final Status:
 You weren't hungry.
 You were unencumbered.
 You were wielding a mattock.
 You were unskilled in pick-axe.

Final Attributes:
 You were devoutly aligned.
 Your items were somewhat protected from fire.
 Your items were somewhat protected from cold.
 You were warded.
 You are dead.

Miscellaneous:
 You didn't encounter any bones levels.
 Total elapsed playing time was 40 minutes and 41 seconds.

Major events:
 Turn
    1: BaeHund the neutral male human Tourist entered the dungeon
  495: entered the Gnomish Mines
  705: attained the rank of Sightseer (level 3)
 1497: reached Mine Town
 1603: killed by a dwarf

You didn't know any spells.

Skills:
 Fighting Skills
   bare handed combat [Unskilled]
   two weapon combat  [Unskilled]
   riding             [Unskilled]
 Weapon Skills
   dagger             [Unskilled]
   knife              [Unskilled]
   axe                [Unskilled]
   pick-axe           [Unskilled]
   short sword        [Unskilled]
   broadsword         [Unskilled]
   long sword         [Unskilled]
   two-handed sword   [Unskilled]
   saber              [Unskilled]
   mace               [Unskilled]
   morning star       [Unskilled]
   flail              [Unskilled]
   hammer             [Unskilled]
   quarterstaff       [Unskilled]
   polearms           [Unskilled]
   spear              [Unskilled]
   trident            [Unskilled]
   lance              [Unskilled]
   bow                [Unskilled]
   sling              [Unskilled]
   crossbow           [Unskilled]
   dart               [Basic]
   shuriken           [Unskilled]
   boomerang          [Unskilled]
   whip               [Unskilled]
   unicorn horn       [Unskilled]
 Spellcasting Skills
   divination spells  [Unskilled]
   enchantment spells [Unskilled]
   escape spells      [Unskilled]

Voluntary challenges:
 Character rerolling was not enabled.
 You never genocided any monsters.
 You never polymorphed an object.
 You never changed form.
 You used no wishes.
Achievements:
 You entered the Gnomish Mines.
 You attained the rank of Sightseer.
 You entered Minetown.

 The Dungeons of Doom: levels 1 to 3
    Level 1:
       A fountain.
    Level 2:
    Level 3:
       Stairs down to The Gnomish Mines.
 The Gnomish Mines: levels 4 to 6
    Level 4:
    Level 5:
    Level 6: <- You were here.
       A fountain, some trees.
       Final resting place for
          you, killed by a dwarf.


Vanquished creatures:
  a dog
  2 gnome leaders
  6 dwarves
  a homunculus
  3 hobbits
  a hobgoblin
 24 gnomes
  a gnome zombie
  3 jackals
  a fox
  2 sewer rats
  3 grid bugs
  a bat
  2 lichens
  2 kobold zombies
  a newt
54 creatures vanquished.

No species were genocided or became extinct.

Game over:
                       ----------
                      /          \
                     /    REST    \
                    /      IN      \
                   /     PEACE      \
                  /                  \
                  |     BaeHund      |
                  |     1076 Au      |
                  |   killed by a    |
                  |      dwarf       |
                  |                  |
                  |                  |
                  |       2026       |
                 *|     *  *  *      | *
        _________)/\\_//(\/(/\)/\//\/|_)_______

Aloha BaeHund the Tourist...

You died in The Gnomish Mines on dungeon level 6 with 1032 points,
and 1076 pieces of gold, after 1603 moves.
You were level 4 with a maximum of 42 hit points when you died.

